 Dungeon Sprint DCSS version 0.26-a0-597-gb535b0901c (webtiles) character file.

Game seed: 17650765274658422440

982 HoaS the Grappler (level 8, 0/73 HPs)
             Began as a Ghoul Gladiator on Sept 6, 2020.
             Was a High Priest of Makhleb.
             Killed by the air
             ... invoked by a wind drake
              (16 damage)
             ... in the Dungeon (Sprint V: "Ziggurat Sprint").
             The game lasted 00:05:49 (357 turns).

HoaS the Grappler (Ghoul Gladiator)                  Turns: 357, Time: 00:05:49

Health: 0/73       AC: 23    Str: 32    XL:     8   Next: 17%
Magic:  7/7        EV:  8    Int:  3    God:    Makhleb [*****.]
Gold:   0          SH:  0    Dex: 10    Spells: 7/7 levels left

rFire    . . .     SeeInvis .     - Unarmed
rCold    + . .     Faith    .   (no shield)
rNeg     + + +     Spirit   .   i - +5 crystal plate armour
rPois    ∞         Reflect  .   b - +0 helmet
rElec    .         Harm     .   (no cloak)
rCorr    .         NoTele   +   (no gloves)
MR       .....                  (no boots)
Stlth    ..........             (no amulet)
HPRegen  0.00/turn              D - +6 ring of strength
MPRegen  0.10/turn              E - +6 ring of strength

@: no status effects
A: rotting body, claws 1, cold resistance 1, negative energy resistance 3,
inhibited regeneration, torment resistance, unbreathing
a: Minor Destruction, Lesser Servant of Makhleb, Major Destruction, Greater
Servant of Makhleb, Renounce Religion


You were in the Dungeon.
You worshipped Makhleb.
Makhleb was extremely pleased with you.
You visited 1 branch

Inventory:

Missiles
 c - 3 throwing nets (quivered)
Armour
 b - a +0 helmet (worn)
 i - a +5 crystal plate armour (worn)
Jewellery
 s - an uncursed ring of wizardry
 y - an uncursed ring of flight
 z - a +6 ring of dexterity
 A - a +6 ring of dexterity
 B - a +6 ring of intelligence
 C - a +6 ring of intelligence
 D - a +6 ring of strength (left claw)
 E - a +6 ring of strength (right claw)
 F - the ring "Xogueh" {*Contam rC++ rN+ MR+}
   (You found it in the Dungeon)

   [ring of protection from magic]

   It greatly protects you from cold.
   It protects you from negative energy.
   It affects your resistance to hostile enchantments.
   It causes magical contamination when unequipped.
Wands
 v - a wand of disintegration (7)
 w - a wand of iceblast (7)
 x - a wand of acid (7)
Scrolls
 a - a scroll of brand weapon
 h - 4 scrolls of blinking
 j - 4 scrolls of amnesia
 k - 7 scrolls of fog
 l - 5 scrolls of identify
 m - 5 scrolls of remove curse
 n - 2 scrolls of fear
 o - a scroll of holy word
Potions
 d - 10 potions of curing
 e - 10 potions of heal wounds
 f - 6 potions of haste
 g - 7 potions of magic
 p - 2 potions of brilliance
 q - 2 potions of invisibility
 r - 4 potions of resistance
 t - 5 potions of stabbing
 u - 5 potions of might


   Skills:
 + Level 7.2 Fighting
 - Level 1.7 Throwing
 + Level 5.5 Armour
 + Level 6.3 Dodging
 * Level 14.7 Unarmed Combat


You had 7 spell levels left.
You didn't know any spells.
Your spell library was empty.

Dungeon Overview and Level Annotations

Branches:
Dungeon (1/1)

Altars:
Ashenzari
Cheibriados
Dithmenos
Elyvilon
Fedhas
Gozag
Hepliaklqana
Kikubaaqudgha
Makhleb
Nemelex Xobeh
Okawaru
Qazlal
Ru
Sif Muna
Trog
Uskayaw
Vehumet
Wu Jian
Xom
Yredelemnul
Zin
The Shining One
Beogh
Jiyva
Lugonu


Innate Abilities, Weirdness & Mutations

Your body is rotting away.
You thrive by killing the living.
You are immune to poison.
You have sharp fingernails.
Your flesh is cold resistant. (rC+)
You are immune to negative energy. (rN+++)
You do not regenerate when monsters are visible.
You are immune to unholy pain and torment.
You can survive without breathing.


Message History

The insubstantial wisp hits you but does no damage.
You miss the insubstantial wisp.
The insubstantial wisp is almost destroyed.
The insubstantial wisp blinks!
The wind drake bites you.
* * * LOW HITPOINT WARNING * * *
You mangle the insubstantial wisp!!
You destroy the insubstantial wisp!
Makhleb accepts your kill.
You feel better.
Your Fighting skill increases to level 7!
The insubstantial wisp blinks!
The wind drake exhales a fierce blast of wind!
The wind drake bites you but does no damage.
You scratch the wind drake.
The wind drake is moderately wounded.
You claw the wind drake!
The wind drake is severely wounded.
The wind drake flaps its wings at you. The air twists around and strikes you!
You die...

▓..|)[..▓
▓..::=..▓
▓.....v.▓
▓.......▓
▓.......▓
▓.......▓
▓.▓..v▓k▓
▓...©vk@▓
▓▓▓▓▓▓▓▓▓


You could see 2 wind drakes and 3 insubstantial wisps.

Vanquished Creatures
  A polar bear (D)
  An insubstantial wisp (D)
  A water moccasin (D)
  2 hell hounds (D)
  An ice beast (D)
  2 phantoms (D)
  An iron imp (D)
  An adder (D)
  2 white imps (D)
  2 ufetubi (D)
  An adder skeleton (D)
  An adder zombie (D)
  A ball python (D)
  A leopard gecko skeleton (D)
  A leopard gecko zombie (D)
19 creatures vanquished.

Notes
Turn   | Place    | Note
-------+----------+-------------------------------------------
     0 | D        | HoaS the Ghoul Gladiator began the quest for the Orb.
     0 | D        | Reached XP level 1. HP: 17/17 MP: 0/0
     1 | D        | Banished a spatial maelstrom
     3 | D        | Found a blossoming altar of Fedhas.
     4 | D        | Found the +6 Majin-Bo {vamp, MP+6 Int+6}
     4 | D        | Found the +9 heavy crossbow "Sniper" {vorpal, Acc+∞ SInv}
     4 | D        | Found the +10 dark maul {vorpal}
     4 | D        | Found the +15 Maxwell's patent armour {-Cast -Tele rElec
                  | MR+ rCorr}
     4 | D        | Found the +18 shield of the Gong {rElec rN+ MR+ EV-5}
     4 | D        | Found the cursed +14 obsidian axe {vorpal, +Fly SInv
                  | *Curse}
     4 | D        | Found the +7 great mace "Firestarter" {inner flame, rF++}
     4 | D        | Found the +6 shillelagh "Devastator" {shatter}
     4 | D        | Found the +11 plutonium sword {*Contam Stlth-}
     4 | D        | Found the +8 lance "Wyrmbane" {slay drac, rPois rF+ rC+
                  | AC+3}
     4 | D        | Found the +9 sword of Zonguldrok {reap}
     4 | D        | Found the cursed +13 scythe of Curses {drain, *Curse}
     4 | D        | Found the +0 sword of Power
     4 | D        | Found the +7 mace of Variability {chain chaos}
     4 | D        | Found the +7 Singing Sword {vorpal, sonic wave}
     4 | D        | Found the +8 storm bow {elec, penet}
     4 | D        | Found a viscous altar of Jiyva.
     4 | D        | Found a transporter.
     4 | D        | Found a hazy altar of Hepliaklqana.
     4 | D        | Found an ancient bone altar of Kikubaaqudgha.
     4 | D        | Found an opulent altar of Gozag.
     4 | D        | Found a corrupted altar of Lugonu.
     5 | D        | Found a burning altar of Makhleb.
     6 | D        | Found a sacrificial altar of Ru.
     6 | D        | Found a shimmering blue altar of Sif Muna.
     6 | D        | Found a stormy altar of Qazlal.
     6 | D        | Found a bloodstained altar of Trog.
     6 | D        | Found an iron altar of Okawaru.
     6 | D        | Found a sparkling altar of Nemelex Xobeh.
    64 | D        | Reached skill level 8 in Unarmed Combat
    64 | D        | Reached XP level 2. HP: 24/24 MP: 1/1
    77 | D        | Became a worshipper of Makhleb the Destroyer
   141 | D        | Entered arena 2.
   141 | D        | Noticed a phantom
   141 | D        | Noticed a phantom
   141 | D        | Found a transporter.
   157 | D        | Killed a phantom
   157 | D        | Reached skill level 11 in Unarmed Combat
   157 | D        | Reached XP level 3. HP: 29/29 MP: 2/2
   157 | D        | Reached XP level 4. HP: 36/36 MP: 3/3
   165 | D        | Killed a phantom
   165 | D        | Reached skill level 12 in Unarmed Combat
   165 | D        | Reached skill level 1 in Armour
   165 | D        | Reached XP level 5. HP: 45/45 MP: 4/4
   172 | D        | Entered arena 3.
   172 | D        | Noticed a water moccasin
   172 | D        | Found a transporter.
   175 | D        | Reached * piety under Makhleb
   183 | D        | Killed a water moccasin
   183 | D        | Reached XP level 6. HP: 53/53 MP: 5/5
   184 | D        | Reached skill level 13 in Unarmed Combat
   192 | D        | Entered arena 4.
   192 | D        | Found a transporter.
   209 | D        | Reached ** piety under Makhleb
   244 | D        | Entered arena 5.
   244 | D        | Noticed an ice beast
   244 | D        | Noticed a polar bear
   244 | D        | Found a transporter.
   245 | D        | Found the +2 robe of Vines {NoPotionHeal Regen+7}
   259 | D        | Killed an ice beast
   259 | D        | Reached *** piety under Makhleb
   259 | D        | Reached skill level 5 in Fighting
   269 | D        | Killed a polar bear
   269 | D        | Reached skill level 5 in Dodging
   269 | D        | Reached skill level 14 in Unarmed Combat
   269 | D        | Reached XP level 7. HP: 54/63 MP: 6/6
   277 | D        | Got the ring "Xogueh" {*Contam rC++ rN+ MR+}
   312 | D        | Entered arena 6.
   312 | D        | Found a transporter.
   318 | D        | Reached **** piety under Makhleb
   318 | D        | Reached skill level 5 in Armour
   324 | D        | Reached XP level 8. HP: 71/71 MP: 7/7
   325 | D        | Reached ***** piety under Makhleb
   336 | D        | Entered arena 7.
   336 | D        | Noticed a wind drake
   336 | D        | Noticed a wind drake
   337 | D        | Found the +8 arc blade {discharge, rElec}
   357 | D        | Killed from afar by a wind drake

Illustrated notes

Levels and vault maps discovered:
D:        sprint_v [room_start, room_1, room_2, room_3, room_4, room_5, room_6,
          room_7, room_8, room_9, room_10, room_11, room_12, room_13, room_14,
          room_15, room_16, room_17, room_18, room_19, room_20, room_21,
          room_22, room_23, room_24, room_25, room_26, room_27]

Skill      XL: |  1  2  3  4  5  6  7  8 |
---------------+-------------------------+-----
Unarmed Combat | 8 11 12 14 | 14.7
Fighting       | 3 4 6 7 |  7.2
Armour         | 1 3 4 5 |  5.5
Dodging        | 3 4 5 6 |  6.3
Throwing       | |  1.7

Action                   |  1- 3 |  4- 6 |  7- 9 || total
-------------------------+-------+-------+-------++-------
Melee: Unarmed           |    12 |    58 |    28 ||    98
       Punch             |     1 |     1 |       ||     2
  Use: Potion            |     1 |       |       ||     1
Armor: Crystal plate arm |     8 |    75 |    21 ||   104
Dodge: Dodged            |     4 |    38 |     9 ||    51

Table legend: (Time is in decaauts)
 A = Elapsed time spent in this place.
 B = Non-inter-level travel time spent in this place.
 C = Inter-level travel time spent in this place.
 D = Time resting spent in this place.
 E = Time spent auto-exploring this place.
 F = Levels seen in this place.
 G = Mean time per level.
                   A        B        C        D        E       F      G
               +--------+--------+--------+--------+--------+-----+--------+
         Total |    333 |    333 |      0 |     45 |      0 |   1 |  333.0 |
       Dungeon |    333 |    333 |      0 |     45 |      0 |   1 |  333.0 |
               +--------+--------+--------+--------+--------+-----+--------+

Top non-repeatable levels by time:
       D: 333 daAuts
